 Dungeon Crawl Stone Soup version 0.30-a0-122-g2a1322497e (webtiles) character file.

Game seed: 13899746847917002175

579 greasedhog the Sneak (level 7, -4/38 HPs)
             Began as a Gargoyle Hexslinger on Sept 15, 2022.
             Was a Follower of Dithmenos.
             Killed from afar by Dowan (22 damage)
             ... with a shard of ice
             ... on level 5 of the Dungeon.
             The game lasted 00:07:45 (5301 turns).

greasedhog the Sneak (Gargoyle Hexslinger)          Turns: 5301, Time: 00:07:47

Health: -4/38      AC: 10    Str: 14    XL:     7   Next: 36%
Magic:  0/8        EV: 12    Int: 13    God:    Dithmenos [*.....]
Gold:   210        SH:  0    Dex: 12    Spells: 5/8 levels left

rFire   . . .      SeeInvis .    q - +1 dagger (venom)
rCold   . . .      Faith    .    k - orb {guile}
rNeg    + . .      Spirit   +    c - +0 robe
rPois   ∞          Reflect  .    o - +2 helmet
rElec   +          Harm     .    C - +0 cloak
rCorr   .          Rampage  .    (no gloves)
Will    .....                    (no boots)
Stlth   ++++......               s - amulet of guardian spirit
HPRegen 0.12/turn                l - +4 ring of slaying
MPRegen 0.11/turn                f - ring of willpower

@: wreathed by umbra
A: sickness immunity, AC +4, negative energy resistance 1, electricity
resistance, torment resistance 1, petrification resistance
a: Renounce Religion


You were on level 5 of the Dungeon.
You worshipped Dithmenos.
Dithmenos was aware of your devotion.
You visited 1 branch of the dungeon, and saw 5 of its levels.

You collected 210 gold pieces.

Inventory:

Hand Weapons
 a - a +1 sling
 q - a +1 dagger of venom (weapon)
 u - a +3 short sword
 z - a +0 short sword of venom
Armour
 c - a +0 robe (worn)
 k - an orb of guile (worn)
 o - a +2 helmet (worn)
 C - a +0 cloak (worn)
Jewellery
 f - a ring of willpower (right hand)
 l - a +4 ring of slaying (left hand)
 s - an amulet of guardian spirit (around neck)
 y - a ring of fire
Wands
 m - a wand of iceblast (1)
 p - a wand of flame (7)
Scrolls
 b - a scroll of poison
 d - 4 scrolls of teleportation
 g - a scroll of enchant armour
 h - a scroll of magic mapping
 j - a scroll of summoning
 v - a scroll of torment {unknown}
 w - a scroll of fog {unknown}
 A - a scroll of blinking {unknown}
Potions
 e - a potion of ambrosia {unknown}
 i - 6 potions of curing {unknown}
 n - a potion of attraction {unknown}
 r - 2 potions of invisibility {unknown}
 t - a potion of degeneration {unknown}
 x - a potion of experience {unknown}
 B - 3 potions of heal wounds {unknown}


   Skills:
 - Level 1.1 Fighting
 - Level 2.0 Ranged Weapons
 - Level 1.6 Dodging
 * Level 6.2 Stealth
 - Level 1.0 Spellcasting
 * Level 5.6 Hexes


You had 5 spell levels left.
You knew the following spells:

 Your Spells              Type           Power      Damage    Failure   Level
a - Slow                  Hex            60%        N/A       2%          1
b - Ensorcelled Hibernat  Hex/Ice        14%        N/A       14%         2

Your spell library contained the following spells:

 Spells                   Type           Power      Damage    Failure   Level
 Inner Flame              Hex/Fire       7%         N/A       26%         3
 Portal Projectile        Hex/Tloc       14%        N/A       26%         3
 Sting                    Tmut/Pois      0%         1d3       28%         1
 Cause Fear               Hex            7%         N/A       28%         4
 Poisonous Vapours        Pois/Air       0%         N/A       38%         2
 Gell's Gravitas          Tloc           0%         N/A       63%         3
 Lesser Beckoning         Tloc           0%         N/A       63%         3
 Spider Form              Tmut/Pois      0%         N/A       63%         3
 Teleport Other           Tloc           0%         N/A       63%         3
 Anguish                  Hex/Necr       3%         N/A       65%         4
 Olgreb's Toxic Radiance  Pois           0%         N/A       95%         4


Dungeon Overview and Level Annotations

Branches:
Dungeon (5/15)
 Temple: D:4-7

Altars:
Dithmenos
Uskayaw
Yredelemnul

Annotations:
D:5 Dowan


Innate Abilities, Weirdness & Mutations

You are immune to sickness and miasma.
Your stone body is resilient. (AC +4)
You are immune to poison.
You resist negative energy. (rN+)
You are resistant to electric shocks. (rElec)
You are resistant to unholy torment.
You are immune to petrification.


Message History

Dowan closely misses you.
You hit Dowan.
Dowan is moderately wounded.
Dowan hits you but does no damage.
You miss Dowan.
Dowan is moderately wounded.
Dowan closely misses you.
You closely miss Dowan.
Dowan is lightly wounded.
Dowan closely misses you.
You miss Dowan.
Dowan is lightly wounded.
Dowan closely misses you.
You hit Dowan but do no damage.
Dowan is lightly wounded.
Dowan hits you but does no damage.
You hit Dowan but do no damage.
Dowan is poisoned.
Dowan is lightly wounded.
Dowan barely misses you.
You closely miss Dowan.
Dowan is moderately wounded.
Dowan gestures wildly while chanting.
Dowan blinks!
Dowan breathes, "And she was my only..."
Dowan points at you and mumbles some strange words.
The shard of ice hits you!!
Ouch! That really hurt!
Dowan gestures wildly while chanting.
Dowan blinks!
Dowan barely misses you.
You closely miss Dowan.
Dowan is heavily wounded.
Dowan misses you.
You completely miss Dowan.
Dowan is heavily wounded.
Dowan says, "How can I live without her?"
Dowan casts a spell at you. The shard of ice hits you!!
Ouch! That really hurt!
You die...

##########.######.#
.........#.# #)#
...........# #.#
########.### #.#
#.# #.# ########.#
#.# .........# #.#
.#######.########.#
## ##.......e@.#
##...#########
#.....########
##....>........
#.....[########
#<#...## #.##.##
#.##.# #.##..


You could see Dowan (fast, poisoned, slow).

Vanquished Creatures
  Duvessa (D:5)
  An ice beast (D:5)
  2 scorpions
  An orc priest (D:4)
  Ijyb (D:3)
  2 orc wizards
  6 adders
  5 dart slugs
  14 orcs
  5 ball pythons
  7 endoplasms
  3 giant cockroaches
  4 goblins
  8 hobgoblins
  3 jackals (D:4)
  8 kobolds
  3 quokkas
  5 bats
  3 frilled lizards
  4 rats
86 creatures vanquished.

Notes
Turn   | Place    | Note
-------+----------+-------------------------------------------
     0 | D:1      | greasedhog the Gargoyle Hexslinger began the quest for the
                  | Orb.
     0 | D:1      | Reached XP level 1. HP: 12/12 MP: 2/2
   125 | D:1      | Reached skill level 1 in Stealth
   136 | D:1      | Reached XP level 2. HP: 16/16 MP: 1/3
   910 | D:1      | Found a faded altar of an unknown god.
  1100 | D:1      | Reached XP level 3. HP: 20/20 MP: 1/4
  1142 | D:1      | Reached skill level 2 in Stealth
  2074 | D:2      | Reached XP level 4. HP: 24/25 MP: 5/5
  2225 | D:2      | Found a shadowy altar of Dithmenos.
  2250 | D:2      | Learned a level 2 spell: Ensorcelled Hibernation
  2250 | D:2      | Became a worshipper of Dithmenos the Shadowed
  2309 | D:2      | Identified the +0 pair of boots of the Zebra {Rampage rC+
                  | Int+6 Stlth-}
  2592 | D:3      | Reached skill level 3 in Stealth
  2745 | D:3      | Noticed Ijyb
  2869 | D:3      | Killed Ijyb
  2938 | D:3      | Reached XP level 5. HP: 29/29 MP: 6/6
  3366 | D:3      | Identified the +4 mace "Teni" {freeze, Will+}
  3610 | D:4      | Reached skill level 4 in Stealth
  3797 | D:4      | Noticed a +0 dagger
  3797 | D:4      | Noticed a +0 falchion
  3797 | D:4      | Noticed a +0 short sword
  3798 | D:4      | Noticed a +0 falchion
  3799 | D:4      | Noticed a +0 short sword
  3814 | D:4      | Noticed a +0 spear
  3815 | D:4      | Noticed a +0 spear
  3815 | D:4      | Noticed a +0 dagger
  3842 | D:4      | Found a hide-covered altar of Uskayaw.
  4085 | D:4      | Reached XP level 6. HP: 26/34 MP: 3/7
  4112 | D:3      | Reached * piety under Dithmenos
  4633 | D:4      | Reached skill level 5 in Stealth
  4970 | D:5      | Entered Level 5 of the Dungeon
  5035 | D:5      | Noticed an ice beast
  5047 | D:5      | Killed an ice beast
  5048 | D:5      | Reached skill level 5 in Hexes
  5049 | D:5      | Found a basalt altar of Yredelemnul.
  5051 | D:5      | Found a shadowy altar of Dithmenos.
  5148 | D:5      | Reached XP level 7. HP: 23/38 MP: 4/8
  5272 | D:5      | Noticed Duvessa
  5272 | D:5      | Noticed Dowan
  5282 | D:5      | Killed Duvessa
  5283 | D:5      | Reached skill level 6 in Stealth
  5301 | D:5      | Killed from afar by Dowan

Illustrated notes

Levels and vault maps discovered:
D:1:      sevenhm_arrival_forest_fort_large_4, layout_loops_corners,
          basic_ecumenical_altar
D:2:      layout_rooms, basic_altar
D:3:      layout_basic, small_statue_intersection, kennysheep_big_empty_room,
          uniq_ijyb
D:4:      layout_basic, nicolae_uskayaw_en_pointe, serial_corexii_hall,
          corexii_hall_statues_deadend, corexii_hall_statues_x,
          corexii_hall_statues_x, corexii_hall_statues_x
D:5:      layout_loops_ring, minitemple, portal_sewer_entry_b,
          ebering_ghost_reflecting_pool, uniq_duvessa

Skill      XL: |  1  2  3  4  5  6  7 |
---------------+----------------------+-----
Stealth        | 1 2 3 4 5 6 |  6.2
Hexes          | 3 4 5 |  5.6
Fighting       | |  1.1
Ranged Weapons | |  2.0
Dodging        | |  1.6
Spellcasting   | |  1.0

Action                   |  1- 3 |  4- 6 |  7- 9 || total
-------------------------+-------+-------+-------++-------
Melee: Dagger            |    90 |   181 |    13 ||   284
       Punch             |     1 |       |       ||     1
 Fire: Sling             |    21 |       |       ||    21
 Cast: Slow              |     6 |     3 |     1 ||    10
       Ensorcelled Hiber |       |     2 |     2 ||     4
Evoke: Wand              |       |     4 |       ||     4
  Use: Scroll            |     5 |     2 |       ||     7
 Stab: Sleeping          |     2 |     2 |     1 ||     5
Armor: Robe              |    24 |    73 |     5 ||   102
Dodge: Dodged            |    47 |   113 |    11 ||   171

Table legend: (Time is in decaauts)
 A = Elapsed time spent in this place.
 B = Non-inter-level travel time spent in this place.
 C = Inter-level travel time spent in this place.
 D = Time resting spent in this place.
 E = Time spent auto-exploring this place.
 F = Levels seen in this place.
 G = Mean time per level.
                   A        B        C        D        E       F      G
               +--------+--------+--------+--------+--------+-----+--------+
         Total |   5308 |   5220 |     88 |    792 |   3592 |   5 | 1061.6 |
       Dungeon |   5308 |   5220 |     88 |    792 |   3592 |   5 | 1061.6 |
               +--------+--------+--------+--------+--------+-----+--------+

Top non-repeatable levels by time:
     D:1: 1651 daAuts
     D:3: 1291 daAuts
     D:4: 1154 daAuts
     D:2: 880 daAuts
     D:5: 330 daAuts
